cohdb
Replays
Latest Replays
All Replays
Popular Replays
Top Player Replays
Match Explorer
How It Works
Community
CoH3 Stats
Reddit
Sign in to upload your games and track your stats! →
Sign in with Steam
Match 39381081
Unlisted
Match 39381081
Overview
Messages
Build Orders
End
Royal Engineer Section
Construct Section Command Post
Infantry Section
Infantry Section
Vickers Machine Gun Team
Construct Platoon Command Post
Infantry Section
Humber Armored Car
Selects Indian Artillery Battlegroup
Selects Valour
6-pounder Anti-tank Gun Team
Selects Gurkha Rifles Section
Selects Gurkha Rifles Section
Selects Volunteer Infantry
Construct Field Infirmary
Construct Company Command Post
BIOHAZARD
Harbour city
0
0
Comments
sign in to comment!
No comments posted yet!